 Dungeon Crawl Stone Soup version 0.31-a0-303-gdc8c9485ea (webtiles) character file.

Game seed: 476418010623716232

805 arthad the Chucker (level 7, -1/51 HPs)
             Began as a Gnoll Wanderer on July 15, 2023.
             Slain by Pikel
             ... wielding a +2 whip of flaming
              (2 damage)
             ... on level 4 of the Dungeon on July 16, 2023.
             The game lasted 00:09:17 (4694 turns).

arthad the Chucker (Gnoll Wanderer)                 Turns: 4694, Time: 00:09:18

Health: -1/51      AC:  6    Str: 15 (16) XL:     7   Next: 91%
Magic:  13/13      EV: 12    Int: 10      God:
Gold:   190        SH:  0    Dex: 10      Spells: 13/14 levels left

rFire   + . .        a - +2 hand axe
rCold   . . .        (no shield)
rNeg    . . .        e - +0 leather armour
rPois   +            l - +1 helmet
rElec   .            (no cloak)
rCorr   .            f - +0 pair of gloves
SInv    .            (no boots)
Will    .....        (no amulet)
Stlth   ++           o - ring of protection from fire
HPRegen 0.28/turn    s - ring of poison resistance
MPRegen 0.13/turn

%: no passive effects
@: no status effects
A: fangs 1, strong nose, distributed training
a: no special abilities


You were on level 4 of the Dungeon.
You visited 1 branch of the dungeon, and saw 5 of its levels.

You collected 190 gold pieces.

Inventory:

Hand Weapons
 a - a +2 hand axe (weapon)
 c - a +0 dagger
 h - a +2 dagger of venom
 k - a +3 dagger of venom
 r - a +0 war axe
Missiles
 b - 8 boomerangs (quivered)
Armour
 e - a +0 leather armour (worn)
 f - a +0 pair of gloves (worn)
 l - a +1 helmet (worn)
Jewellery
 o - a ring of protection from fire (left hand)
 s - a ring of poison resistance (right hand)
Talismans
 i - a granite talisman
Wands
 w - a wand of charming (9)
Scrolls
 d - a scroll of butterflies
 g - a scroll of poison
 m - a scroll of fog
 n - 2 scrolls of enchant armour
 p - 3 scrolls of identify
 t - a scroll of revelation
 u - a scroll of enchant weapon {unknown}
Potions
 q - a potion of degeneration


   Skills:
 + Level 2.8 Fighting
 + Level 2.8 Short Blades
 + Level 2.8 Long Blades
 + Level 7.2 Axes
 + Level 2.8 Maces & Flails
 + Level 2.8 Polearms
 + Level 2.8 Staves
 + Level 2.8 Ranged Weapons
 + Level 7.2 Throwing
 + Level 2.8 Armour
 + Level 3.9 Dodging
 + Level 2.8 Stealth
 + Level 2.8 Shields
 + Level 2.8 Unarmed Combat
 + Level 4.0 Spellcasting
 + Level 2.3 Conjurations
 + Level 2.3 Hexes
 + Level 2.3 Summonings
 + Level 4.5 Necromancy
 + Level 2.3 Translocations
 + Level 2.3 Transmutations
 + Level 2.3 Fire Magic
 + Level 2.3 Ice Magic
 + Level 2.3 Air Magic
 + Level 2.3 Earth Magic
 + Level 2.3 Poison Magic
 + Level 3.1 Invocations
 + Level 2.8 Evocations
 + Level 2.3 Shapeshifting


You had 13 spell levels left.
You knew the following spells:

 Your Spells              Type           Power      Damage    Failure   Level
a - Kiss of Death         Conj/Necr      32%        2d7       8%          1

Your spell library contained the following spells:

 Spells                   Type           Power      Damage    Failure   Level
 Magic Dart               Conj           24%        1d4       12%         1
 Vampiric Draining        Necr           11%        2d6       14%         3
 Searing Ray              Conj           12%        2d4       19%         2
 Fulminant Prism          Conj/Hex       3%         3d5       75%         4


Dungeon Overview and Level Annotations

Branches:
Dungeon (5/15)
 Temple: D:4-7

Altars:

Annotations:
D:3 2 transporters, SomaCruz13's ghost, weakling DrSh
D:4 Pikel


Innate Abilities, Weirdness & Mutations

You have very sharp teeth.
Your uncanny sense of smell can sniff out nearby items.
Your experience applies equally to all skills.


Message History

Pikel hits you but does no damage.
You hit Pikel. You punch Pikel, but do no damage.
You bite Pikel, but do no damage.
Pikel is moderately wounded.
Pikel waves his whip at you.
Pikel hits you with a +2 whip of flaming!
Pikel burns you.
You are too injured to fight recklessly!
You are too injured to fight recklessly!
You are too injured to fight recklessly!
You are too injured to fight recklessly!
You are too injured to fight recklessly!
You are too injured to fight recklessly!
You are too injured to fight recklessly!
You are too injured to fight recklessly!
You are too injured to fight recklessly!
You are too injured to fight recklessly!
You are too injured to fight recklessly!
You are too injured to fight recklessly!
You are too injured to fight recklessly!
You are too injured to fight recklessly!
You hit Pikel but do no damage.
Pikel is moderately wounded.
Pikel completely misses you.
You closely miss Pikel.
Pikel is moderately wounded.
Pikel hits you with a +2 whip of flaming!
* * * LOW HITPOINT WARNING * * *
You hit Pikel.
Pikel is moderately wounded.
Pikel hits you but does no damage.
You closely miss Pikel.
Pikel is moderately wounded.
Pikel barely misses you.
You barely miss Pikel.
Pikel is moderately wounded.
Pikel hits you with a +2 whip of flaming!
* * * LOW HITPOINT WARNING * * *
Pikel burns you.
You die...

###...............
##.................
#................## #######
#....#...........##
#...#.####..)#.............
#............#...........>.
##......................####
##...###...............### #
#....##.....@.......#..##
##...#.......K###...#...#
###>.........#####....##
#[............##.....#
##...........####....##
#...........# #.....####
###...........####..##..#..
#....##..........#.####....
##........<#.......#####...


You could see Pikel.

Vanquished Creatures
  Menkaure (D:5)
  A water moccasin (D:3)
  An ogre (D:5)
  2 jellies
  A hound (D:4)
  An orc priest (D:2)
  Jessica (D:2)
  5 orc wizards
  5 gnolls
  7 adders
  A worm (D:3)
  4 dart slugs
  11 orcs
  3 bats
  3 endoplasms
  2 giant cockroaches
  8 goblins
  7 hobgoblins
  4 jackals (D:5)
  7 kobolds
  4 quokkas
  8 ball pythons
  2 frilled lizards
  5 rats
94 creatures vanquished.

Vanquished Creatures (others)
  An orc wizard (D:4)
1 creature vanquished.

Grand Total: 95 creatures vanquished

Notes
Turn   | Place    | Note
-------+----------+-------------------------------------------
     0 | D:1      | arthad the Gnoll Wanderer began the quest for the Orb.
     0 | D:1      | arthad set off with the following items: a +2 hand axe, 7
                  | boomerangs, a +0 dagger, a scroll of butterflies, a +0
                  | leather armour; and the following spell memorised: Kiss of
                  | Death; and the following spells available to memorise:
                  | Vampiric Draining.
     0 | D:1      | Reached XP level 1. HP: 13/13 MP: 4/4
   366 | D:1      | Reached XP level 2. HP: 3/19 MP: 5/5
   647 | D:1      | Reached XP level 3. HP: 23/25 MP: 7/7
  1085 | D:2      | Reached skill level 1 in Invocations
  1115 | D:2      | Reached skill level 1 in Fighting
  1115 | D:2      | Reached skill level 1 in Short Blades
  1115 | D:2      | Reached skill level 1 in Long Blades
  1115 | D:2      | Reached skill level 1 in Maces & Flails
  1115 | D:2      | Reached skill level 1 in Polearms
  1115 | D:2      | Reached skill level 1 in Staves
  1115 | D:2      | Reached skill level 1 in Ranged Weapons
  1115 | D:2      | Reached skill level 1 in Armour
  1115 | D:2      | Reached skill level 1 in Stealth
  1115 | D:2      | Reached skill level 1 in Shields
  1115 | D:2      | Reached skill level 1 in Unarmed Combat
  1115 | D:2      | Reached skill level 1 in Evocations
  1218 | D:2      | Found a faded altar of an unknown god.
  1234 | D:2      | Reached XP level 4. HP: 32/32 MP: 8/8
  1404 | D:2      | Noticed Jessica
  1412 | D:2      | Killed Jessica
  1413 | D:2      | Reached skill level 1 in Conjurations
  1413 | D:2      | Reached skill level 1 in Hexes
  1413 | D:2      | Reached skill level 1 in Summonings
  1413 | D:2      | Reached skill level 1 in Translocations
  1413 | D:2      | Reached skill level 1 in Transmutations
  1413 | D:2      | Reached skill level 1 in Fire Magic
  1413 | D:2      | Reached skill level 1 in Ice Magic
  1413 | D:2      | Reached skill level 1 in Air Magic
  1413 | D:2      | Reached skill level 1 in Earth Magic
  1413 | D:2      | Reached skill level 1 in Poison Magic
  1413 | D:2      | Reached skill level 1 in Shapeshifting
  1628 | D:2      | Reached XP level 5. HP: 8/37 MP: 9/9
  2129 | D:3      | Found a transporter.
  2135 | D:3      | Noticed a phantom
  2151 | D:3      | Found a transporter.
  2151 | D:3      | Noticed SomaCruz13's ghost (weakling DrSh)
  2754 | D:3      | Reached XP level 6. HP: 43/44 MP: 9/11
  2891 | D:3      | Noticed a water moccasin
  2901 | D:3      | Killed a water moccasin
  3355 | D:4      | Reached XP level 7. HP: 30/50 MP: 12/12
  4059 | D:5      | Entered Level 5 of the Dungeon
  4059 | D:5      | Noticed Menkaure
  4344 | D:4      | Upgraded the game from 0.31-a0-277-g31ea1f65cc to
                  | 0.31-a0-303-gdc8c9485ea
  4474 | D:5      | Killed Menkaure
  4646 | D:5      | Noticed Pikel
  4694 | D:4      | HP: 1/51 [Pikel/+2 whip of flaming (9)]
  4694 | D:4      | Slain by Pikel

Illustrated notes

Levels and vault maps discovered:
D:1:      saegor_arrival_simple_d, layout_loops_corners
D:2:      cheibrodos_pilgrimage, layout_rooms,
          hellmonk_ecumenical_altar_lost_god, serial_bayou,
          serial_bayou_lagoon_b, serial_bayou_pond_b, serial_bayou_shore_b,
          serial_bayou_pond_d, uniq_jessica
D:3:      layout_basic, gammafunk_ghost_arena, ebering_dispersal_statue_hall,
          hangedman_glass_teeth, st_stairs_9
D:4:      layout_cave_pools
D:5:      layout_layer_cave, lemuel_crystal_altar,
          minmay_temple_entry_from_below_b, uniq_menkaure, uniq_pikel

Skill      XL: |  1  2  3  4  5  6  7 |
---------------+----------------------+-----
Invocations    | 1 2 3 |  3.1
Fighting       | 1 2 |  2.8
Short Blades   | 1 2 |  2.8
Long Blades    | 1 2 |  2.8
Maces & Flails | 1 2 |  2.8
Polearms       | 1 2 |  2.8
Staves         | 1 2 |  2.8
Ranged Weapons | 1 2 |  2.8
Armour         | 1 2 |  2.8
Stealth        | 1 2 |  2.8
Shields        | 1 2 |  2.8
Unarmed Combat | 1 2 |  2.8
Evocations     | 1 2 |  2.8
Spellcasting   | 3 4 |  4.0
Conjurations   | 1 2 |  2.3
Hexes          | 1 2 |  2.3
Summonings     | 1 2 |  2.3
Translocations | 1 2 |  2.3
Transmutations | 1 2 |  2.3
Fire Magic     | 1 2 |  2.3
Ice Magic      | 1 2 |  2.3
Air Magic      | 1 2 |  2.3
Earth Magic    | 1 2 |  2.3
Poison Magic   | 1 2 |  2.3
Shapeshifting  | 1 2 |  2.3
Dodging        | 3 |  3.9
Necromancy     | 4 |  4.5
Axes           | 7 |  7.2
Throwing       | 7 |  7.2

Action                     |  1- 3 |  4- 6 |  7- 9 || total
---------------------------+-------+-------+-------++-------
  Melee: Hand axe          |    80 |   152 |   101 ||   333
         Bite              |     5 |    13 |    14 ||    32
         Punch             |     1 |     1 |     2 ||     4
  Throw: Boomerang         |     1 |       |    16 ||    17
    Use: Potion            |       |     4 |     5 ||     9
         Scroll            |       |       |     5 ||     5
   Stab: Sleeping          |     1 |     1 |       ||     2
 Armour: Leather armour    |    14 |    30 |    42 ||    86
  Dodge: Dodged            |    44 |    80 |    57 ||   181

Table legend: (Time is in decaauts)
 A = Elapsed time spent in this place.
 B = Non-inter-level travel time spent in this place.
 C = Inter-level travel time spent in this place.
 D = Time resting spent in this place.
 E = Time spent auto-exploring this place.
 F = Levels seen in this place.
 G = Mean time per level.
                   A        B        C        D        E       F      G
               +--------+--------+--------+--------+--------+-----+--------+
         Total |   4674 |   4479 |    195 |    428 |   3301 |   5 |  934.8 |
       Dungeon |   4674 |   4479 |    195 |    428 |   3301 |   5 |  934.8 |
               +--------+--------+--------+--------+--------+-----+--------+

Top non-repeatable levels by time:
     D:3: 1254 daAuts
     D:4: 1081 daAuts
     D:1: 1058 daAuts
     D:2: 975 daAuts
     D:5: 304 daAuts
